 Dungeon Crawl Stone Soup version 0.23.2-1-ga50397a (webtiles) character file.

Game seed: 14832520986865823856

125 xveg the Skirmisher (level 4, -1/41 HPs)
             Began as a Minotaur Berserker on May 15, 2019.
             Was a Believer of Trog.
             Killed from afar by an orc wizard (8 damage)
             ... with a magic dart
             ... on level 3 of the Dungeon.
             The game lasted 00:01:23 (1704 turns).

xveg the Skirmisher (Minotaur Berserker)            Turns: 1704, Time: 00:01:25

Health: -1/41      AC:  2    Str: 23    XL:     4   Next: 82%
Magic:  3/3        EV: 13    Int:  4    God:    Trog [**....]
Gold:   147        SH:  0    Dex:  9    Spells: 3/3 levels left

rFire    . . .     SeeInvis .     - Unarmed
rCold    . . .     Gourm    .   (no shield)
rNeg     . . .     Faith    .   a - +0 animal skin
rPois    .         Spirit   .   (helmet restricted)
rElec    .         Reflect  .   (no cloak)
rCorr    .         Harm     .   (no gloves)
MR       .....                  (no boots)
Stlth    +.........             (no amulet)
HPRegen  0.13/turn              (no ring)
MPRegen  0.08/turn              (no ring)

@: slowed, very slow
A: retaliatory headbutt, horns 2
a: Berserk, Trog's Hand, Renounce Religion


You were on level 3 of the Dungeon.
You worshipped Trog.
Trog was pleased with you.
You were hungry.

You visited 1 branch of the dungeon, and saw 3 of its levels.

You collected 147 gold pieces.

Inventory:

Armour
 a - a +0 animal skin (worn)
 h - a +0 buckler
Jewellery
 k - an uncursed ring of protection from magic {unknown}
Scrolls
 c - a scroll of fear {unknown}
 e - a scroll of remove curse {unknown}
 f - a scroll of magic mapping {unknown}
 j - 2 scrolls of teleportation {unknown}
 l - a scroll of identify {unknown}
Potions
 d - 2 potions of curing {unknown}
 g - a potion of agility {unknown}
 i - a potion of haste {unknown}
 n - a potion of heal wounds {unknown}
Comestibles
 b - 3 rations
 m - a chunk of flesh


   Skills:
 + Level 4.7 Fighting
 + Level 2.6 Armour
 + Level 3.6 Dodging
 + Level 0.1 Stealth
 + Level 4.4 Unarmed Combat


You had 3 spell levels left.
You didn't know any spells.
Your spell library was empty.

Dungeon Overview and Level Annotations

Branches:
Dungeon (3/15)

Altars:


Innate Abilities, Weirdness & Mutations

You reflexively headbutt those who attack you in melee.
You have a pair of horns on your head.


Message History

* * * LOW HITPOINT WARNING * * *
You closely miss the orc. The orc barely misses you.
You hit the orc.
The orc is moderately wounded.
You feel sick.
You are no longer poisoned.
The orc hits you but does no damage.
You completely miss the orc.
The orc is moderately wounded.
The orc wizard hits you but does no damage.
The orc completely misses you.
The orc wizard hits you with a +0 dagger.
* * * LOW HITPOINT WARNING * * *
You completely miss the orc wizard.
The orc wizard is heavily wounded.
The orc hits you.
* * * LOW HITPOINT WARNING * * *
The orc wizard points at you and mumbles some strange words.
The magic dart hits you!
You die...

#..###..# #.#.#.#.#
#.......# #####.###
#.# ######.### ######
.(........## .....#
.######....#####.....#
#......o@o......#
#......#####.....#
##....## .....# ##.###
o#.#... #.# .#.o... #.
.# #... #+ .. ... ..
..


You could see an orc wizard and an orc.

Vanquished Creatures
  Natasha (twice) (D:2)
  2 adders (D:3)
  A worm (D:2)
  A dart slug (D:1)
  2 leopard geckos
  5 orcs (D:3)
  A giant cockroach (D:1)
  5 goblins
  8 hobgoblins
  2 jackals (D:2)
  3 quokkas (D:2)
  A bat (D:2)
  5 frilled lizards
  3 kobolds
  4 rats
45 creatures vanquished.

Notes
Turn   | Place    | Note
-------+----------+-------------------------------------------
     0 | D:1      | xveg the Minotaur Berserker began the quest for the Orb.
     0 | D:1      | Reached XP level 1. HP: 19/19 MP: 0/0
   128 | D:1      | Reached XP level 2. HP: 23/27 MP: 1/1
   592 | D:2      | Noticed Natasha
   599 | D:2      | Killed Natasha
   599 | D:2      | Reached XP level 3. HP: 18/33 MP: 2/2
   686 | D:2      | Reached ** piety under Trog
  1030 | D:2      | Noticed Natasha
  1039 | D:2      | Killed Natasha
  1039 | D:2      | Reached XP level 4. HP: 14/41 MP: 3/3
  1704 | D:3      | Killed from afar by an orc wizard

Skill      XL: |  1  2  3 |
---------------+----------+-----
Fighting       | 4 |  4.7
Dodging        | 3 |  3.6
Unarmed Combat | 4 |  4.4
Armour         | |  2.6
Stealth        | |  0.1

Action                   |  1- 3 |  4- 6 || total
-------------------------+-------+-------++-------
Melee: Unarmed           |    66 |    40 ||   106
       Headbutt          |    11 |    10 ||    21
       Punch             |     2 |       ||     2
Invok: Berserk           |     1 |       ||     1
  Eat: Chunk             |       |     3 ||     3
Armor: Animal skin       |     6 |     3 ||     9
Dodge: Dodged            |    47 |    14 ||    61
